 Dungeon Sprint DCSS version 0.23.2-11-gf996548c65 (webtiles) character file.

Game seed: 8086624693331890059

1525 wilfster70 the Unseen (level 8, -7/36 HPs)
             Began as a Spriggan Enchanter on June 6, 2019.
             Was an Initiate of Gozag.
             Mangled by a centaur warrior (12 damage)
             ... in the Dungeon (Sprint I: "Red Sonja").
             The game lasted 00:03:05 (322 turns).

wilfster70 the Unseen (Spriggan Enchanter)           Turns: 322, Time: 00:03:05

Health: -7/36      AC:  2    Str:  4    XL:     8   Next: 54%
Magic:  19/21      EV: 18    Int: 17    God:    Gozag
Gold:   576        SH:  5    Dex: 18    Spells: 20/23 levels left

rFire    . . .     SeeInvis +   a - +2 dagger (speed)
rCold    . . .     Gourm    .   k - +0 buckler (curse)
rNeg     . . .     Faith    .   b - +0 robe
rPois    .         Spirit   .   (helmet restricted)
rElec    .         Reflect  .   (no cloak)
rCorr    .         Harm     .   (gloves unavailable)
MR       +....     NoTele   +   (boots unavailable)
Stlth    ++++++++..             (no amulet)
HPRegen  0.12/turn              (no ring)
MPRegen  0.17/turn              (no ring)

@: very quick
A: very small, unfitting armour, see invisible, herbivore, speed 3, slow
metabolism 2
a: Potion Petition, Call Merchant, Bribe Branch, Renounce Religion


You were in the Dungeon.
You worshipped Gozag.
Gozag was pleased with you.
You were not hungry.

You visited 1 branch You collected 774 gold pieces.
You spent 198 gold pieces at shops.

Inventory:

Hand Weapons
 a - a +2 dagger of speed (weapon)
Armour
 b - a +0 robe (worn)
 k - a cursed +0 buckler (worn)
Wands
 c - a wand of random effects (29)
Scrolls
 j - a scroll of blinking
Potions
 e - 2 potions of curing
 f - a potion of heal wounds
 g - a potion of haste
 h - 2 potions of magic
 i - a potion of might {unknown}
 l - 2 potions of resistance {unknown}
Comestibles
 d - 3 rations


   Skills:
 + Level 7.3 Short Blades
 - Level 3.0 Dodging
 + Level 19.8 Stealth
 * Level 0.0 Shields
 + Level 8.4 Spellcasting
 * Level 11.6 Hexes


You had 20 spell levels left.
You knew the following spells:

 Your Spells              Type           Power        Failure   Level  Hunger
a - Corona                Hex            #####..      1%          1    None
b - Ensorcelled Hibernat  Hex/Ice        ####..       2%          2    None

Your spell library contained the following spells:

 Spells                   Type           Power        Failure   Level  Hunger
 Confuse                  Hex            #####...     1%          3    #......
 Tukima's Dance           Hex            #####...     1%          3    #......
 Dazzling Spray           Conj/Hex       ####..       4%          3    #......


Dungeon Overview and Level Annotations

Branches:
Dungeon (1/1)

Altars:
Cheibriados
Dithmenos
Elyvilon
Fedhas
Gozag
Hepliaklqana
Kikubaaqudgha
Nemelex Xobeh
Okawaru
Qazlal
Ru
Sif Muna
Trog
Uskayaw
Vehumet
Wu Jian
Yredelemnul
Zin
The Shining One

Shops:
D (?[


Innate Abilities, Weirdness & Mutations

You are very small and have problems with some larger weapons.
You are too small for most types of armour.
You have supernaturally acute eyesight. (SInv)
You are a herbivore.
You cover ground extremely quickly.
You need to consume almost no food.


Message History

The centaur warrior shoots an arrow.
The arrow barely misses you.
The centaur warrior shoots an arrow.
You block the arrow.
You hear a splash.
The centaur warrior shoots an arrow.
The arrow hits you!!
Ouch! That really hurt!
You hear a splash.
You see here 2 arrows.
The centaur warrior unwields a +0 shortbow.
The centaur warrior hits you!
* * * LOW HITPOINT WARNING * * *
Found a ring mail and 20 stones.
Cast which spell? (? or * to list)
Aiming: Ensorcelled Hibernation (safe; 2% risk of failure)
Press: ? - help, Shift-Dir - straight line, f - centaur warrior
Aim: a centaur warrior, wielding a +0 shortbow (purple smoke, chance to defeat MR: 37%)
The centaur warrior easily resists.
The centaur warrior unwields a +0 shortbow.
You block the centaur warrior's attack. The centaur warrior hits you!
You die...
Your body crumbles into a pile of gold.

#############
#..'..#.)'..# $$ $$
').#.)'..#..+ $$ $
#####'#####'# ## $
####..#...#.####§(# $
$
#__####..##.#§§§§c#$$
$ #_____##'#_.+≈§§@§+
$
#_.∩..†'..._#§§§§c#$$
$$$
#_..__##_.#'##§####
#_____###'#.#((..###
$
#########.####'###[##
$
.......'...'§....'|∩#
$$
++++####.).##########
$ $$ $$ ##.##


$$$$$$ $#+#$ $ $$$$$$ You could see 2 centaur warriors.

Vanquished Creatures
  Sonja (D)
  A deep troll (D)
  Sigmund (D)
  A yak (D)
  An ogre (D)
  A jelly (D)
  Ijyb (D)
7 creatures vanquished.

Notes
Turn   | Place    | Note
-------+----------+-------------------------------------------
     0 | D        | wilfster70 the Spriggan Enchanter began the quest for the
                  | Orb.
     0 | D        | Reached XP level 1. HP: 9/9 MP: 5/5
     2 | D        | Noticed Ijyb
    16 | D        | Killed Ijyb
    16 | D        | Reached skill level 10 in Stealth
    16 | D        | Reached XP level 2. HP: 12/13 MP: 6/6
   125 | D        | Learned a level 2 spell: Ensorcelled Hibernation
   126 | D        | Noticed an ogre
   129 | D        | Killed an ogre
   129 | D        | Reached skill level 14 in Stealth
   129 | D        | Reached XP level 3. HP: 16/16 MP: 8/8
   129 | D        | Reached XP level 4. HP: 21/21 MP: 9/9
   137 | D        | Noticed Sigmund
   140 | D        | Killed Sigmund
   140 | D        | Reached skill level 17 in Stealth
   140 | D        | Reached XP level 5. HP: 24/24 MP: 10/10
   153 | D        | Found a deep blue altar of Sif Muna.
   154 | D        | Found an ornate altar of the Wu Jian Council.
   155 | D        | Found a radiant altar of Vehumet.
   159 | D        | Reached skill level 18 in Stealth
   159 | D        | Reached XP level 6. HP: 28/28 MP: 11/11
   189 | D        | Found Yduf's Magic Scroll Emporium.
   189 | D        | Found an ancient bone altar of Kikubaaqudgha.
   189 | D        | Found a hazy altar of Hepliaklqana.
   189 | D        | Found a hide-covered altar of Uskayaw.
   189 | D        | Found a basalt altar of Yredelemnul.
   189 | D        | Found an opulent altar of Gozag.
   189 | D        | Found a snail-covered altar of Cheibriados.
   189 | D        | Found a sacrificial altar of Ru.
   189 | D        | Found a shadowy altar of Dithmenos.
   189 | D        | Noticed a yak
   190 | D        | Found a stormy altar of Qazlal.
   190 | D        | Found a blossoming altar of Fedhas.
   190 | D        | Found a bloodstained altar of Trog.
   190 | D        | Found an iron altar of Okawaru.
   190 | D        | Found a glowing golden altar of the Shining One.
   190 | D        | Found a glowing silver altar of Zin.
   190 | D        | Found a white marble altar of Elyvilon.
   191 | D        | Killed a yak
   192 | D        | Found a sparkling altar of Nemelex Xobeh.
   199 | D        | Became a worshipper of Gozag Ym Sagoz the Greedy
   221 | D        | Noticed Sonja
   225 | D        | Killed Sonja
   225 | D        | Reached skill level 19 in Stealth
   225 | D        | Reached skill level 10 in Hexes
   225 | D        | Reached XP level 7. HP: 32/32 MP: 14/18
   241 | D        | Found Gusyrchu's Weapon Boutique.
   249 | D        | Bought a +2 dagger of speed for 180 gold pieces
   267 | D        | Noticed a deep troll
   271 | D        | Killed a deep troll
   271 | D        | Reached XP level 8. HP: 36/36 MP: 19/21
   288 | D        | Found Urid's Armour Emporium.
   292 | D        | Bought a cursed +0 buckler for 18 gold pieces
   319 | D        | Noticed a centaur warrior
   320 | D        | Noticed a centaur warrior
   322 | D        | Mangled by a centaur warrior

Skill      XL: |  1  2  3  4  5  6  7 |
---------------+----------------------+-----
Stealth        | 10 14 17 18 19 | 19.8
Spellcasting   | 3 7 8 |  8.4
Hexes          | 4 10 11 | 11.6
Short Blades   | 6 7 |  7.3
Dodging        | |  3.0

Action                   |  1- 3 |  4- 6 |  7- 9 || total
-------------------------+-------+-------+-------++-------
Melee: Dagger            |    13 |     4 |     1 ||    18
 Cast: Ensorcelled Hiber |       |       |     1 ||     1
  Use: Potion            |     1 |       |       ||     1
 Stab: Sleeping          |     1 |     4 |     1 ||     6
Armor: Robe              |     1 |       |       ||     1
Dodge: Dodged            |     4 |       |     2 ||     6
Block: Buckler           |       |       |     2 ||     2
